[ AOE2 MATCH · #505347570 ]
UnrankedBurgundians vs Armenians
[ REPLAY ANALYSIS · EXTRACTED FROM THE RECORDED GAME ]
Feudal
10:57
Castle
14:39
Imperial
—
| APM avg | 44.2 |
| APM peak | 95 |
| eAPM avg | 23.4 |
| Villagers / military | 104 / 77 |
Focus
⚔️ 24.1% · 🌾 75.9%
Knight ×71 · Monk ×4 · Spearman ×2
Feudal
10:08
Castle
17:04
Imperial
—
| APM avg | 25.1 |
| APM peak | 64 |
| eAPM avg | 14.8 |
| Villagers / military | 62 / 47 |
Focus
⚔️ 32.3% · 🌾 67.7%
Militia ×27 · Spearman ×11 · Battering Ram ×4 · Scorpion ×2 · Warrior Priest ×2 · Monk ×1
Feudal
10:25
Castle
15:07
Imperial
—
| APM avg | 30.1 |
| APM peak | 64 |
| eAPM avg | 16.8 |
| Villagers / military | 113 / 49 |
Focus
⚔️ 23.8% · 🌾 76.2%
Knight ×34 · Monk ×7 · Scout Cavalry ×5 · Spearman ×3
Feudal
11:04
Castle
13:54
Imperial
—
| APM avg | 27.9 |
| APM peak | 61 |
| eAPM avg | 15.9 |
| Villagers / military | 97 / 64 |
Focus
⚔️ 25.4% · 🌾 74.6%
Knight ×64
Feudal
12:11
Castle
16:31
Imperial
21:21
| APM avg | 34.0 |
| APM peak | 83 |
| eAPM avg | 17.7 |
| Villagers / military | 63 / 92 |
Focus
⚔️ 30.8% · 🌾 69.2%
Hand Cannoneer ×84 · Bombard Cannon ×5 · Cavalry Archer ×2 · Monk ×1
Feudal
11:30
Castle
16:04
Imperial
—
| APM avg | 18.0 |
| APM peak | 48 |
| eAPM avg | 11.9 |
| Villagers / military | 74 / 56 |
Focus
⚔️ 25.4% · 🌾 74.6%
Knight ×54 · Scout Cavalry ×2
Match map
Initial resources + every placement click. Lines = walls · curves = elevation contours. ◆ gold · ⬟ stone · ● berries · ✦ relic · ◌ wall gap
Your base· ✓ Closed at 14:39 · 0t walls · 3 gate(s)
not_a_horseman's base· ✓ Closed at 17:04 · 0t walls · 2 gate(s)
LMG_Leonardo's base· ✓ Closed at 15:07 · 0t walls · 2 gate(s)
big_boss_boy28's base· ✓ Closed at 13:54 · 0t walls · 3 gate(s)
LMG_SON SABANDIJAS's base· ✓ Closed at 16:31 · 0t walls · 2 gate(s)
Jordan's base· ✓ Closed at 16:04 · 0t walls · 2 gate(s)
Smoothed initial terrain · ◌ = detected wall gap · hover for details
Inputs per minute
— LMG_HERA DE TEMU - - not_a_horseman
Build order — LMG_HERA DE TEMU
First 150 of 299 actions detected
| 0:02 | Queue | Villager (Male) |
| 0:02 | Queue | Villager (Male) |
| 0:02 | Queue | Villager (Male) |
| 0:02 | Queue | Villager (Male) |
| 0:02 | Queue | Villager (Male) |
| 0:04 | Build | House |
| 0:06 | Build | House |
| 1:27 | Queue | Villager (Male) |
| 1:27 | Queue | Villager (Male) |
| 1:28 | Queue | Villager (Male) |
| 1:52 | Build | Lumber Camp |
| 1:57 | Queue | Villager (Male) |
| 1:57 | Queue | Villager (Male) |
| 2:17 | Queue | Villager (Male) |
| 2:17 | Queue | Villager (Male) |
| 2:17 | Queue | Villager (Male) |
| 2:37 | Queue | Villager (Male) |
| 2:37 | Queue | Villager (Male) |
| 2:37 | Queue | Villager (Male) |
| 3:13 | Queue | Villager (Male) |
| 3:13 | Queue | Villager (Male) |
| 3:13 | Queue | Villager (Male) |
| 3:33 | Queue | Villager (Male) |
| 3:34 | Queue | Villager (Male) |
| 3:34 | Queue | Villager (Male) |
| 3:48 | Queue | Villager (Male) |
| 3:48 | Queue | Villager (Male) |
| 3:54 | Build | House |
| 3:56 | Build | House |
| 3:58 | Build | House |
| 4:05 | Queue | Villager (Male) |
| 4:06 | Queue | Villager (Male) |
| 4:25 | Build | Mill |
| 4:33 | Queue | Villager (Male) |
| 4:34 | Queue | Villager (Male) |
| 5:21 | Queue | Villager (Male) |
| 5:22 | Queue | Villager (Male) |
| 5:36 | Build | Mill |
| 6:11 | Queue | Villager (Male) |
| 6:11 | Queue | Villager (Male) |
| 6:12 | Queue | Villager (Male) |
| 6:12 | Queue | Villager (Male) |
| 6:17 | Build | Farm |
| 6:43 | Queue | Villager (Male) |
| 6:43 | Queue | Villager (Male) |
| 6:52 | Build | Farm |
| 7:17 | Queue | Villager (Male) |
| 7:17 | Queue | Villager (Male) |
| 7:22 | Build | Farm |
| 7:48 | Build | Farm |
| 8:33 | Build | Mining Camp |
| 8:39 | Research | Feudal Age |
| 9:13 | Queue | Villager (Male) |
| 9:14 | Queue | Villager (Male) |
| 10:57 | Age | Feudal Age |
| 11:00 | Build | Blacksmith |
| 11:05 | Build | Market |
| 11:31 | Build | House |
| 11:59 | Research | Castle Age |
| 11:59 | Research | Castle Age |
| 11:59 | Research | Castle Age |
| 12:31 | Build | Barracks |
| 12:41 | Research | Double-Bit Axe |
| 12:41 | Research | Double-Bit Axe |
| 13:41 | Build | Stable |
| 13:46 | Research | Gold Mining |
| 13:49 | Queue | Villager (Male) |
| 13:49 | Queue | Villager (Male) |
| 14:39 | Age | Castle Age |
| 14:42 | Build | Monastery |
| 14:48 | Build | Farm |
| 14:50 | Build | Farm |
| 14:53 | Build | Farm |
| 14:53 | Build | Farm |
| 15:00 | Research | Cavalier (upgrade) |
| 15:05 | Build | Farm |
| 15:11 | Build | Farm |
| 15:17 | Build | House |
| 15:19 | Build | House |
| 15:23 | Queue | Monk |
| 15:24 | Queue | Monk |
| 15:30 | Queue | Spearman |
| 15:40 | Queue | Spearman |
| 15:50 | Queue | Villager (Male) |
| 15:50 | Queue | Villager (Male) |
| 15:50 | Queue | Villager (Male) |
| 15:53 | Build | Farm |
| 16:02 | Build | Farm |
| 16:09 | Build | Farm |
| 16:12 | Queue | Villager (Male) |
| 16:12 | Queue | Villager (Male) |
| 16:53 | Build | Farm |
| 16:55 | Build | Farm |
| 16:56 | Build | Farm |
| 17:03 | Queue | Villager (Male) |
| 17:03 | Queue | Villager (Male) |
| 17:05 | Build | House |
| 17:05 | Build | House |
| 17:17 | Queue | Monk |
| 17:43 | Queue | Villager (Male) |
| 17:43 | Queue | Villager (Male) |
| 17:44 | Queue | Villager (Male) |
| 17:45 | Build | Farm |
| 17:46 | Build | Farm |
| 17:55 | Build | House |
| 17:57 | Build | House |
| 17:57 | Queue | Knight |
| 17:58 | Queue | Knight |
| 18:17 | Build | Farm |
| 18:17 | Build | Farm |
| 18:17 | Build | Farm |
| 18:20 | Queue | Villager (Male) |
| 18:20 | Queue | Villager (Male) |
| 18:31 | Queue | Knight |
| 18:31 | Queue | Knight |
| 18:31 | Queue | Knight |
| 18:49 | Queue | Monk |
| 18:54 | Build | Farm |
| 18:55 | Build | Farm |
| 18:58 | Build | Farm |
| 19:00 | Build | Farm |
| 19:11 | Research | Horse Collar |
| 19:17 | Queue | Villager (Male) |
| 19:17 | Queue | Villager (Male) |
| 19:17 | Queue | Villager (Male) |
| 19:28 | Build | Farm |
| 19:30 | Queue | Villager (Male) |
| 19:38 | Build | House |
| 19:44 | Queue | Knight |
| 19:45 | Queue | Knight |
| 19:45 | Queue | Knight |
| 20:17 | Build | Farm |
| 20:18 | Build | Farm |
| 20:24 | Research | Scale Barding Armor |
| 20:25 | Queue | Knight |
| 20:26 | Queue | Knight |
| 20:51 | Build | Stable |
| 21:03 | Queue | Villager (Male) |
| 21:03 | Queue | Villager (Male) |
| 21:08 | Build | Lumber Camp |
| 21:13 | Research | Heavy Plow |
| 21:27 | Research | Husbandry |
| 21:37 | Build | House |
| 21:38 | Build | House |
| 22:01 | Queue | Villager (Male) |
| 22:02 | Queue | Villager (Male) |
| 22:06 | Queue | Knight |
| 22:06 | Queue | Knight |
| 22:06 | Queue | Knight |
| 22:06 | Queue | Knight |
Build order — not_a_horseman
First 150 of 198 actions detected
| 0:01 | Queue | Villager (Male) |
| 0:01 | Queue | Villager (Male) |
| 0:01 | Queue | Villager (Male) |
| 0:02 | Queue | Villager (Male) |
| 0:03 | Build | House |
| 0:04 | Build | House |
| 1:35 | Queue | Villager (Male) |
| 1:48 | Build | Mule Cart |
| 2:07 | Queue | Villager (Male) |
| 2:27 | Queue | Villager (Male) |
| 2:51 | Queue | Villager (Male) |
| 3:23 | Queue | Villager (Male) |
| 3:30 | Build | House |
| 3:31 | Build | House |
| 3:39 | Queue | Villager (Male) |
| 4:05 | Queue | Villager (Male) |
| 4:05 | Queue | Villager (Male) |
| 4:27 | Queue | Villager (Male) |
| 4:27 | Queue | Villager (Male) |
| 4:58 | Queue | Villager (Male) |
| 5:24 | Queue | Villager (Male) |
| 5:24 | Queue | Villager (Male) |
| 5:25 | Queue | Villager (Male) |
| 6:21 | Build | Mill |
| 6:24 | Queue | Villager (Male) |
| 6:39 | Queue | Villager (Male) |
| 7:11 | Queue | Villager (Male) |
| 7:21 | Build | House |
| 7:22 | Build | House |
| 7:42 | Build | Mill |
| 7:56 | Research | Feudal Age |
| 8:31 | Build | Mule Cart |
| 8:46 | Build | Farm |
| 8:49 | Build | Farm |
| 9:15 | Queue | Villager (Male) |
| 9:15 | Queue | Villager (Male) |
| 10:08 | Age | Feudal Age |
| 10:11 | Research | Double-Bit Axe |
| 10:16 | Queue | Villager (Male) |
| 10:27 | Build | Market |
| 10:31 | Queue | Villager (Male) |
| 11:07 | Build | Mule Cart |
| 11:11 | Build | Farm |
| 11:14 | Build | Farm |
| 11:44 | Build | Blacksmith |
| 11:49 | Queue | Villager (Male) |
| 12:19 | Queue | Villager (Male) |
| 12:22 | Build | Farm |
| 12:40 | Queue | Villager (Male) |
| 12:46 | Build | Farm |
| 12:48 | Build | Farm |
| 13:06 | Queue | Villager (Male) |
| 13:17 | Build | Farm |
| 13:23 | Build | Barracks |
| 13:27 | Queue | Villager (Male) |
| 13:40 | Build | House |
| 13:42 | Build | House |
| 13:58 | Queue | Villager (Male) |
| 14:06 | Build | Farm |
| 14:15 | Build | Barracks |
| 14:23 | Research | Castle Age |
| 14:38 | Build | Farm |
| 14:41 | Build | Farm |
| 14:50 | Build | Farm |
| 14:58 | Queue | Militia |
| 14:58 | Queue | Militia |
| 15:16 | Build | Farm |
| 15:23 | Queue | Militia |
| 15:31 | Research | Man-at-Arms (upgrade) |
| 15:53 | Queue | Militia |
| 15:56 | Queue | Villager (Male) |
| 15:56 | Queue | Villager (Male) |
| 16:09 | Queue | Militia |
| 16:23 | Research | Long Swordsman (upgrade) |
| 16:29 | Research | Horse Collar |
| 16:36 | Research | Loom |
| 16:50 | Queue | Militia |
| 16:52 | Queue | Militia |
| 17:04 | Age | Castle Age |
| 17:07 | Build | Siege Workshop |
| 17:09 | Queue | Militia |
| 17:12 | Queue | Militia |
| 17:16 | Build | Farm |
| 17:17 | Build | Farm |
| 17:17 | Build | Farm |
| 17:17 | Build | Farm |
| 17:17 | Build | Farm |
| 17:25 | Build | Farm |
| 17:29 | Queue | Villager (Male) |
| 17:32 | Queue | Militia |
| 17:52 | Build | House |
| 17:53 | Build | House |
| 18:05 | Queue | Battering Ram |
| 18:09 | Queue | Villager (Male) |
| 18:10 | Queue | Villager (Male) |
| 18:28 | Queue | Militia |
| 18:30 | Queue | Militia |
| 18:50 | Build | House |
| 18:51 | Build | House |
| 18:53 | Queue | Villager (Male) |
| 18:53 | Queue | Villager (Male) |
| 19:11 | Queue | Scorpion |
| 19:42 | Research | Scale Mail Armor |
| 19:45 | Research | Two-Handed Swordsman (upgrade) |
| 19:49 | Queue | Militia |
| 19:49 | Queue | Militia |
| 20:25 | Queue | Villager (Male) |
| 20:25 | Queue | Villager (Male) |
| 20:25 | Queue | Villager (Male) |
| 20:33 | Build | Farm |
| 20:33 | Build | Farm |
| 20:33 | Build | Farm |
| 20:33 | Build | Farm |
| 20:33 | Build | Farm |
| 20:39 | Research | Arson |
| 20:42 | Queue | Scorpion |
| 21:11 | Research | Chain Mail Armor |
| 21:25 | Queue | Villager (Male) |
| 23:08 | Queue | Villager (Male) |
| 23:08 | Queue | Villager (Male) |
| 23:08 | Queue | Villager (Male) |
| 23:10 | Research | Gambesons |
| 23:13 | Research | Squires |
| 23:15 | Queue | Battering Ram |
| 23:16 | Queue | Battering Ram |
| 23:28 | Build | Monastery |
| 23:38 | Build | Farm |
| 23:38 | Build | Farm |
| 23:39 | Build | Farm |
| 23:43 | Queue | Villager (Male) |
| 23:53 | Research | Bow Saw |
| 24:11 | Build | Farm |
| 24:14 | Queue | Warrior Priest |
| 24:36 | Research | Forging |
| 24:38 | Queue | Villager (Male) |
| 24:39 | Queue | Villager (Male) |
| 24:43 | Queue | Battering Ram |
| 24:52 | Build | Farm |
| 25:09 | Queue | Militia |
| 25:09 | Queue | Militia |
| 25:09 | Queue | Militia |
| 25:09 | Queue | Militia |
| 25:10 | Queue | Militia |
| 25:10 | Queue | Militia |
| 25:10 | Queue | Militia |
| 25:10 | Queue | Militia |
| 25:11 | Queue | Militia |
| 25:11 | Queue | Militia |
| 25:16 | Queue | Warrior Priest |
| 25:46 | Queue | Militia |
Build order — LMG_Leonardo
First 150 of 259 actions detected
| 0:01 | Queue | Villager (Male) |
| 0:01 | Queue | Villager (Male) |
| 0:01 | Queue | Villager (Male) |
| 0:02 | Queue | Villager (Male) |
| 0:03 | Build | House |
| 0:04 | Build | House |
| 0:48 | Queue | Villager (Male) |
| 0:49 | Queue | Villager (Male) |
| 1:30 | Queue | Villager (Male) |
| 1:57 | Build | Lumber Camp |
| 2:07 | Queue | Villager (Male) |
| 2:07 | Queue | Villager (Male) |
| 2:15 | Queue | Villager (Male) |
| 2:44 | Queue | Villager (Male) |
| 3:08 | Queue | Villager (Male) |
| 3:09 | Queue | Villager (Male) |
| 3:38 | Build | House |
| 3:40 | Build | House |
| 3:46 | Queue | Villager (Male) |
| 3:46 | Queue | Villager (Male) |
| 4:06 | Build | House |
| 4:09 | Build | Mill |
| 4:15 | Queue | Villager (Male) |
| 4:15 | Queue | Villager (Male) |
| 4:15 | Queue | Villager (Male) |
| 4:35 | Queue | Villager (Male) |
| 4:36 | Queue | Villager (Male) |
| 5:34 | Queue | Villager (Male) |
| 5:34 | Queue | Villager (Male) |
| 5:34 | Queue | Villager (Male) |
| 6:08 | Queue | Villager (Male) |
| 6:08 | Queue | Villager (Male) |
| 6:08 | Queue | Villager (Male) |
| 6:08 | Queue | Villager (Male) |
| 7:22 | Build | Mining Camp |
| 7:34 | Queue | Villager (Male) |
| 8:21 | Research | Feudal Age |
| 9:11 | Queue | Villager (Male) |
| 9:11 | Queue | Villager (Male) |
| 10:25 | Age | Feudal Age |
| 10:27 | Build | Market |
| 10:33 | Build | Blacksmith |
| 10:37 | Queue | Villager (Male) |
| 10:58 | Research | Loom |
| 11:28 | Build | Farm |
| 11:30 | Build | Farm |
| 11:48 | Build | Farm |
| 11:50 | Queue | Villager (Male) |
| 11:56 | Build | Farm |
| 12:00 | Build | Farm |
| 12:04 | Build | Farm |
| 12:18 | Queue | Villager (Male) |
| 12:25 | Build | House |
| 12:42 | Research | Castle Age |
| 12:42 | Research | Castle Age |
| 13:28 | Build | Barracks |
| 13:33 | Build | House |
| 13:56 | Build | Farm |
| 14:15 | Queue | Villager (Male) |
| 14:15 | Queue | Villager (Male) |
| 14:29 | Queue | Spearman |
| 14:30 | Queue | Spearman |
| 14:30 | Queue | Spearman |
| 15:07 | Age | Castle Age |
| 15:09 | Build | Monastery |
| 15:13 | Build | Town Center |
| 15:29 | Queue | Villager (Male) |
| 15:29 | Queue | Villager (Male) |
| 15:50 | Research | Wheelbarrow |
| 15:55 | Queue | Monk |
| 15:59 | Build | House |
| 16:00 | Build | House |
| 16:01 | Build | House |
| 16:13 | Build | Town Center |
| 16:15 | Queue | Villager (Male) |
| 16:21 | Build | Farm |
| 16:37 | Queue | Villager (Male) |
| 16:45 | Build | Farm |
| 16:45 | Build | Farm |
| 17:02 | Queue | Monk |
| 17:04 | Queue | Villager (Male) |
| 17:23 | Build | Farm |
| 17:27 | Build | Farm |
| 17:27 | Build | Farm |
| 17:30 | Queue | Villager (Male) |
| 17:30 | Queue | Villager (Male) |
| 17:46 | Queue | Villager (Male) |
| 17:46 | Queue | Villager (Male) |
| 17:58 | Build | Farm |
| 18:00 | Build | Farm |
| 18:02 | Queue | Villager (Male) |
| 18:02 | Queue | Villager (Male) |
| 18:10 | Queue | Villager (Male) |
| 18:10 | Queue | Villager (Male) |
| 18:16 | Queue | Villager (Male) |
| 18:16 | Queue | Villager (Male) |
| 18:22 | Build | Farm |
| 18:31 | Queue | Villager (Male) |
| 18:32 | Queue | Villager (Male) |
| 18:32 | Queue | Villager (Male) |
| 18:32 | Queue | Villager (Male) |
| 18:49 | Queue | Villager (Male) |
| 18:49 | Queue | Villager (Male) |
| 19:02 | Build | Farm |
| 19:03 | Build | Farm |
| 19:03 | Build | Farm |
| 19:04 | Build | Farm |
| 19:16 | Queue | Villager (Male) |
| 19:16 | Queue | Villager (Male) |
| 19:16 | Queue | Villager (Male) |
| 19:16 | Queue | Villager (Male) |
| 19:41 | Queue | Villager (Male) |
| 19:41 | Queue | Villager (Male) |
| 19:42 | Queue | Villager (Male) |
| 19:49 | Build | Farm |
| 19:49 | Build | Farm |
| 19:50 | Build | Farm |
| 19:54 | Build | Farm |
| 20:26 | Build | Watch Tower |
| 20:30 | Build | Stable |
| 20:34 | Queue | Monk |
| 20:35 | Queue | Monk |
| 20:35 | Queue | Monk |
| 20:57 | Build | House |
| 21:00 | Build | House |
| 21:03 | Build | House |
| 21:07 | Build | House |
| 21:14 | Build | House |
| 21:17 | Build | House |
| 21:20 | Build | House |
| 21:21 | Queue | Villager (Male) |
| 21:22 | Queue | Villager (Male) |
| 21:22 | Queue | Knight |
| 21:23 | Queue | Knight |
| 21:23 | Queue | Knight |
| 21:28 | Build | Stable |
| 22:11 | Research | Fletching |
| 22:19 | Build | Farm |
| 22:21 | Queue | Villager (Male) |
| 22:21 | Queue | Villager (Male) |
| 22:24 | Queue | Scout Cavalry |
| 22:24 | Queue | Scout Cavalry |
| 22:24 | Queue | Scout Cavalry |
| 22:24 | Queue | Scout Cavalry |
| 22:24 | Queue | Scout Cavalry |
| 22:28 | Build | Mining Camp |
| 23:00 | Queue | Villager (Male) |
| 23:00 | Queue | Villager (Male) |
| 23:01 | Queue | Villager (Male) |
| 23:06 | Build | Farm |
Build order — big_boss_boy28
First 150 of 221 actions detected
| 0:00 | Queue | Villager (Male) |
| 0:00 | Queue | Villager (Male) |
| 0:01 | Queue | Villager (Male) |
| 0:01 | Queue | Villager (Male) |
| 0:02 | Build | House |
| 0:04 | Build | House |
| 1:33 | Queue | Villager (Male) |
| 1:33 | Queue | Villager (Male) |
| 2:08 | Queue | Villager (Male) |
| 2:22 | Queue | Villager (Male) |
| 2:22 | Queue | Villager (Male) |
| 2:45 | Queue | Villager (Male) |
| 3:07 | Queue | Villager (Male) |
| 3:32 | Queue | Villager (Male) |
| 3:47 | Queue | Villager (Male) |
| 3:52 | Build | House |
| 4:09 | Queue | Villager (Male) |
| 4:09 | Queue | Villager (Male) |
| 4:29 | Queue | Villager (Male) |
| 4:29 | Queue | Villager (Male) |
| 4:55 | Queue | Villager (Male) |
| 5:27 | Build | House |
| 5:46 | Queue | Villager (Male) |
| 5:46 | Queue | Villager (Male) |
| 5:53 | Build | Mill |
| 6:13 | Queue | Villager (Male) |
| 6:29 | Queue | Villager (Male) |
| 6:34 | Queue | Villager (Male) |
| 6:35 | Queue | Villager (Male) |
| 8:44 | Build | Lumber Camp |
| 8:54 | Research | Feudal Age |
| 10:48 | Build | Farm |
| 10:50 | Build | Farm |
| 11:04 | Age | Feudal Age |
| 11:14 | Research | Castle Age |
| 11:31 | Build | Lumber Camp |
| 12:12 | Build | House |
| 12:13 | Research | Double-Bit Axe |
| 12:29 | Research | Horse Collar |
| 13:54 | Age | Castle Age |
| 13:57 | Queue | Villager (Male) |
| 13:57 | Queue | Villager (Male) |
| 14:02 | Build | Town Center |
| 14:10 | Build | Town Center |
| 14:31 | Queue | Villager (Male) |
| 14:36 | Build | Farm |
| 14:37 | Build | Farm |
| 14:41 | Build | Farm |
| 14:42 | Build | Farm |
| 14:44 | Build | Farm |
| 14:51 | Build | Farm |
| 15:01 | Build | House |
| 15:02 | Build | House |
| 15:13 | Queue | Villager (Male) |
| 15:13 | Queue | Villager (Male) |
| 15:26 | Build | Farm |
| 15:34 | Build | Farm |
| 15:35 | Queue | Villager (Male) |
| 15:47 | Build | Farm |
| 15:52 | Build | Farm |
| 15:54 | Queue | Villager (Male) |
| 15:55 | Queue | Villager (Male) |
| 16:00 | Build | Farm |
| 16:11 | Queue | Villager (Male) |
| 16:13 | Build | Farm |
| 16:21 | Build | Farm |
| 16:25 | Queue | Villager (Male) |
| 16:32 | Build | Farm |
| 16:40 | Queue | Villager (Male) |
| 16:40 | Queue | Villager (Male) |
| 16:49 | Build | Farm |
| 16:52 | Queue | Villager (Male) |
| 16:52 | Queue | Villager (Male) |
| 16:56 | Build | Farm |
| 17:02 | Build | Farm |
| 17:05 | Queue | Villager (Male) |
| 17:08 | Queue | Villager (Male) |
| 17:15 | Build | Farm |
| 17:29 | Build | House |
| 17:30 | Build | House |
| 17:31 | Queue | Villager (Male) |
| 17:31 | Queue | Villager (Male) |
| 17:31 | Queue | Villager (Male) |
| 17:45 | Queue | Villager (Male) |
| 17:46 | Queue | Villager (Male) |
| 17:46 | Queue | Villager (Male) |
| 17:51 | Build | Farm |
| 17:52 | Build | Farm |
| 18:02 | Queue | Villager (Male) |
| 18:02 | Queue | Villager (Male) |
| 18:17 | Build | Stable |
| 18:21 | Queue | Villager (Male) |
| 18:21 | Queue | Villager (Male) |
| 18:22 | Queue | Villager (Male) |
| 18:23 | Queue | Villager (Male) |
| 18:28 | Build | Farm |
| 18:34 | Queue | Villager (Male) |
| 18:49 | Queue | Villager (Male) |
| 18:50 | Queue | Villager (Male) |
| 18:50 | Queue | Villager (Male) |
| 18:54 | Build | Stable |
| 18:59 | Queue | Villager (Male) |
| 18:59 | Queue | Villager (Male) |
| 19:13 | Queue | Villager (Male) |
| 19:13 | Queue | Villager (Male) |
| 19:16 | Build | Farm |
| 19:17 | Build | Farm |
| 19:22 | Queue | Villager (Male) |
| 19:23 | Queue | Villager (Male) |
| 19:35 | Queue | Villager (Male) |
| 19:35 | Queue | Villager (Male) |
| 19:41 | Build | House |
| 19:42 | Build | House |
| 19:43 | Build | House |
| 19:48 | Queue | Villager (Male) |
| 19:48 | Queue | Villager (Male) |
| 19:55 | Build | Blacksmith |
| 19:58 | Queue | Villager (Male) |
| 19:59 | Queue | Villager (Male) |
| 20:07 | Build | Farm |
| 20:09 | Build | Farm |
| 20:17 | Queue | Villager (Male) |
| 20:18 | Queue | Villager (Male) |
| 20:18 | Queue | Villager (Male) |
| 20:29 | Build | Farm |
| 20:32 | Build | Farm |
| 20:33 | Build | Farm |
| 20:49 | Research | Scale Barding Armor |
| 20:52 | Research | Bloodlines |
| 20:56 | Queue | Villager (Male) |
| 21:00 | Build | House |
| 21:01 | Build | House |
| 21:06 | Build | Stable |
| 21:08 | Queue | Villager (Male) |
| 21:09 | Queue | Villager (Male) |
| 21:19 | Queue | Villager (Male) |
| 21:19 | Queue | Villager (Male) |
| 21:25 | Build | Mining Camp |
| 21:37 | Build | House |
| 21:47 | Queue | Villager (Male) |
| 21:47 | Queue | Villager (Male) |
| 21:54 | Build | House |
| 21:58 | Research | Chain Barding Armor |
| 22:04 | Build | Farm |
| 22:07 | Build | Farm |
| 22:12 | Research | Heavy Plow |
| 22:25 | Queue | Knight |
| 22:25 | Queue | Knight |
| 22:35 | Build | Farm |
| 22:36 | Build | Farm |
Build order — LMG_SON SABANDIJAS
First 150 of 217 actions detected
| 0:00 | Queue | Villager (Male) |
| 0:01 | Queue | Villager (Male) |
| 0:01 | Queue | Villager (Male) |
| 0:02 | Build | House |
| 0:05 | Build | House |
| 0:12 | Queue | Villager (Male) |
| 0:13 | Queue | Villager (Male) |
| 1:29 | Queue | Villager (Male) |
| 1:29 | Queue | Villager (Male) |
| 1:49 | Queue | Villager (Male) |
| 1:49 | Queue | Villager (Male) |
| 2:10 | Build | Lumber Camp |
| 2:12 | Queue | Villager (Male) |
| 2:13 | Queue | Villager (Male) |
| 2:33 | Queue | Villager (Male) |
| 2:34 | Queue | Villager (Male) |
| 3:02 | Queue | Villager (Male) |
| 3:03 | Queue | Villager (Male) |
| 3:03 | Queue | Villager (Male) |
| 3:03 | Queue | Villager (Male) |
| 3:14 | Build | House |
| 3:17 | Queue | Villager (Male) |
| 3:17 | Queue | Villager (Male) |
| 3:18 | Queue | Villager (Male) |
| 4:07 | Queue | Villager (Male) |
| 4:07 | Queue | Villager (Male) |
| 4:07 | Queue | Villager (Male) |
| 4:13 | Build | House |
| 4:27 | Build | Mill |
| 4:39 | Queue | Villager (Male) |
| 4:39 | Queue | Villager (Male) |
| 4:58 | Queue | Villager (Male) |
| 4:58 | Queue | Villager (Male) |
| 5:05 | Build | House |
| 5:08 | Build | House |
| 5:11 | Queue | Villager (Male) |
| 5:11 | Queue | Villager (Male) |
| 5:59 | Build | Lumber Camp |
| 6:13 | Queue | Villager (Male) |
| 6:13 | Queue | Villager (Male) |
| 6:30 | Queue | Villager (Male) |
| 6:30 | Queue | Villager (Male) |
| 7:09 | Build | Mining Camp |
| 7:13 | Queue | Villager (Male) |
| 7:34 | Build | Farm |
| 8:00 | Build | Farm |
| 8:01 | Queue | Villager (Male) |
| 8:01 | Queue | Villager (Male) |
| 8:09 | Queue | Villager (Male) |
| 8:23 | Build | Farm |
| 8:35 | Queue | Villager (Male) |
| 8:49 | Build | Farm |
| 9:39 | Build | Farm |
| 9:59 | Research | Feudal Age |
| 10:44 | Queue | Villager (Male) |
| 10:44 | Queue | Villager (Male) |
| 10:45 | Queue | Villager (Male) |
| 10:55 | Build | Farm |
| 11:24 | Build | Farm |
| 11:26 | Build | Farm |
| 12:11 | Age | Feudal Age |
| 12:14 | Build | Market |
| 12:16 | Build | Blacksmith |
| 12:24 | Research | Double-Bit Axe |
| 12:25 | Research | Horse Collar |
| 12:51 | Build | House |
| 12:58 | Queue | Villager (Male) |
| 13:37 | Research | Castle Age |
| 14:30 | Build | Farm |
| 14:37 | Build | Farm |
| 14:43 | Build | Farm |
| 14:47 | Build | Farm |
| 14:56 | Queue | Villager (Male) |
| 15:15 | Build | Farm |
| 15:27 | Queue | Villager (Male) |
| 15:28 | Queue | Villager (Male) |
| 16:13 | Build | Farm |
| 16:31 | Age | Castle Age |
| 16:34 | Build | Siege Workshop |
| 16:46 | Build | Monastery |
| 17:01 | Queue | Villager (Male) |
| 17:33 | Build | House |
| 17:39 | Build | Barracks |
| 18:10 | Research | Imperial Age |
| 18:23 | Build | House |
| 18:34 | Build | Farm |
| 18:43 | Build | Archery Range |
| 18:49 | Queue | Villager (Male) |
| 18:50 | Queue | Villager (Male) |
| 18:54 | Research | Padded Archer Armor |
| 19:21 | Build | Archery Range |
| 20:52 | Build | House |
| 20:57 | Build | House |
| 21:21 | Age | Imperial Age |
| 21:22 | Queue | Hand Cannoneer |
| 21:23 | Queue | Hand Cannoneer |
| 21:23 | Queue | Hand Cannoneer |
| 21:26 | Queue | Bombard Cannon |
| 21:29 | Queue | Monk |
| 21:43 | Queue | Hand Cannoneer |
| 21:43 | Queue | Hand Cannoneer |
| 21:46 | Build | House |
| 21:49 | Queue | Villager (Male) |
| 21:50 | Queue | Villager (Male) |
| 21:50 | Queue | Villager (Male) |
| 21:56 | Research | Gold Mining |
| 21:57 | Queue | Cavalry Archer |
| 21:58 | Queue | Cavalry Archer |
| 22:22 | Queue | Hand Cannoneer |
| 22:22 | Queue | Hand Cannoneer |
| 22:39 | Queue | Bombard Cannon |
| 22:39 | Queue | Bombard Cannon |
| 22:45 | Queue | Hand Cannoneer |
| 22:46 | Queue | Hand Cannoneer |
| 22:51 | Queue | Hand Cannoneer |
| 22:54 | Build | House |
| 22:56 | Build | House |
| 23:04 | Queue | Villager (Male) |
| 23:04 | Queue | Villager (Male) |
| 23:05 | Queue | Villager (Male) |
| 23:14 | Queue | Hand Cannoneer |
| 23:14 | Queue | Hand Cannoneer |
| 23:18 | Build | House |
| 23:36 | Queue | Hand Cannoneer |
| 23:37 | Queue | Hand Cannoneer |
| 23:38 | Queue | Villager (Male) |
| 23:39 | Queue | Villager (Male) |
| 23:57 | Build | House |
| 24:01 | Queue | Hand Cannoneer |
| 24:02 | Queue | Hand Cannoneer |
| 24:14 | Queue | Hand Cannoneer |
| 24:14 | Queue | Hand Cannoneer |
| 24:29 | Queue | Hand Cannoneer |
| 24:39 | Queue | Hand Cannoneer |
| 24:39 | Queue | Hand Cannoneer |
| 24:54 | Queue | Hand Cannoneer |
| 24:54 | Queue | Hand Cannoneer |
| 25:14 | Queue | Hand Cannoneer |
| 25:14 | Queue | Hand Cannoneer |
| 25:21 | Queue | Hand Cannoneer |
| 25:22 | Queue | Hand Cannoneer |
| 25:40 | Queue | Hand Cannoneer |
| 25:40 | Queue | Hand Cannoneer |
| 25:45 | Queue | Hand Cannoneer |
| 25:46 | Queue | Hand Cannoneer |
| 25:49 | Queue | Villager (Male) |
| 25:49 | Queue | Villager (Male) |
| 25:49 | Queue | Villager (Male) |
| 25:51 | Build | Mining Camp |
| 26:00 | Queue | Hand Cannoneer |
Build order — Jordan
First 150 of 219 actions detected
| 0:01 | Queue | Villager (Male) |
| 0:02 | Queue | Villager (Male) |
| 0:02 | Queue | Villager (Male) |
| 0:02 | Queue | Villager (Male) |
| 0:02 | Queue | Villager (Male) |
| 0:05 | Build | House |
| 0:07 | Build | Mill |
| 0:53 | Build | House |
| 1:28 | Queue | Villager (Male) |
| 1:46 | Build | Mill |
| 2:10 | Queue | Villager (Male) |
| 2:10 | Queue | Villager (Male) |
| 2:19 | Queue | Villager (Male) |
| 2:19 | Queue | Villager (Male) |
| 2:50 | Queue | Villager (Male) |
| 2:56 | Queue | Villager (Male) |
| 2:57 | Queue | Villager (Male) |
| 3:53 | Build | House |
| 4:08 | Queue | Villager (Male) |
| 4:09 | Queue | Villager (Male) |
| 4:09 | Queue | Villager (Male) |
| 4:28 | Build | House |
| 4:32 | Queue | Villager (Male) |
| 4:32 | Queue | Villager (Male) |
| 5:06 | Build | Lumber Camp |
| 5:27 | Queue | Villager (Male) |
| 5:27 | Queue | Villager (Male) |
| 5:39 | Queue | Villager (Male) |
| 5:39 | Queue | Villager (Male) |
| 6:03 | Queue | Villager (Male) |
| 6:03 | Queue | Villager (Male) |
| 6:04 | Queue | Villager (Male) |
| 6:11 | Build | Mill |
| 6:30 | Queue | Villager (Male) |
| 6:50 | Queue | Villager (Male) |
| 6:50 | Queue | Villager (Male) |
| 7:12 | Build | Farm |
| 7:14 | Build | Farm |
| 7:21 | Queue | Villager (Male) |
| 7:32 | Build | House |
| 7:33 | Build | House |
| 7:43 | Queue | Villager (Male) |
| 7:43 | Queue | Villager (Male) |
| 8:22 | Queue | Villager (Male) |
| 8:37 | Build | Mining Camp |
| 9:04 | Build | Farm |
| 9:11 | Build | Farm |
| 9:26 | Research | Feudal Age |
| 9:45 | Build | House |
| 9:48 | Build | House |
| 9:50 | Build | House |
| 9:55 | Queue | Villager (Male) |
| 9:55 | Queue | Villager (Male) |
| 11:09 | Build | Barracks |
| 11:30 | Age | Feudal Age |
| 11:38 | Build | Blacksmith |
| 11:43 | Queue | Villager (Male) |
| 12:18 | Queue | Villager (Male) |
| 12:30 | Build | Stable |
| 12:36 | Queue | Villager (Male) |
| 12:37 | Queue | Villager (Male) |
| 12:49 | Build | Farm |
| 13:11 | Queue | Villager (Male) |
| 13:37 | Research | Castle Age |
| 13:57 | Queue | Villager (Male) |
| 13:58 | Queue | Villager (Male) |
| 14:11 | Research | Horse Collar |
| 14:18 | Build | Farm |
| 14:19 | Build | Farm |
| 14:19 | Build | Farm |
| 14:25 | Research | Double-Bit Axe |
| 14:48 | Build | Farm |
| 14:48 | Build | Farm |
| 14:48 | Build | Farm |
| 14:49 | Build | Farm |
| 14:49 | Build | Farm |
| 14:49 | Build | Farm |
| 14:57 | Queue | Villager (Male) |
| 15:19 | Build | Farm |
| 15:19 | Build | Farm |
| 15:44 | Queue | Villager (Male) |
| 15:59 | Build | Stable |
| 16:04 | Age | Castle Age |
| 16:08 | Queue | Knight |
| 16:09 | Queue | Knight |
| 16:30 | Queue | Villager (Male) |
| 16:36 | Queue | Knight |
| 16:54 | Research | Scale Barding Armor |
| 16:54 | Research | Scale Barding Armor |
| 17:10 | Build | Farm |
| 17:10 | Build | Farm |
| 17:11 | Build | Farm |
| 17:18 | Queue | Villager (Male) |
| 17:21 | Queue | Knight |
| 17:25 | Research | Loom |
| 17:30 | Queue | Knight |
| 17:30 | Queue | Knight |
| 17:38 | Queue | Knight |
| 17:41 | Queue | Knight |
| 17:56 | Queue | Villager (Male) |
| 18:12 | Build | Farm |
| 18:13 | Build | Farm |
| 18:13 | Build | Farm |
| 18:13 | Build | Farm |
| 18:13 | Build | Farm |
| 18:14 | Build | Farm |
| 18:20 | Queue | Knight |
| 18:21 | Queue | Knight |
| 18:46 | Queue | Knight |
| 18:49 | Queue | Knight |
| 19:12 | Build | Farm |
| 19:17 | Queue | Villager (Male) |
| 19:17 | Queue | Villager (Male) |
| 19:17 | Queue | Villager (Male) |
| 19:29 | Queue | Knight |
| 19:29 | Queue | Knight |
| 19:36 | Queue | Villager (Male) |
| 19:36 | Queue | Villager (Male) |
| 19:49 | Build | House |
| 19:59 | Build | House |
| 19:59 | Build | House |
| 20:00 | Build | House |
| 20:00 | Build | House |
| 20:00 | Build | House |
| 20:00 | Build | House |
| 20:01 | Build | House |
| 20:10 | Queue | Villager (Male) |
| 20:15 | Research | Bloodlines |
| 20:17 | Queue | Knight |
| 20:41 | Queue | Knight |
| 20:41 | Queue | Knight |
| 20:44 | Queue | Villager (Male) |
| 21:00 | Queue | Villager (Male) |
| 21:08 | Research | Gold Mining |
| 21:11 | Queue | Knight |
| 21:12 | Queue | Knight |
| 21:39 | Research | Forging |
| 21:42 | Queue | Knight |
| 21:42 | Queue | Knight |
| 21:55 | Build | Farm |
| 21:55 | Build | Farm |
| 21:56 | Build | Farm |
| 21:56 | Build | Farm |
| 22:00 | Queue | Villager (Male) |
| 22:04 | Queue | Knight |
| 22:04 | Queue | Knight |
| 22:14 | Queue | Scout Cavalry |
| 22:15 | Queue | Scout Cavalry |
| 22:22 | Queue | Villager (Male) |
| 22:22 | Queue | Villager (Male) |
Match timeline
| 10:08 | not_a_horseman · age_up feudal |
| 10:25 | LMG_Leonardo · age_up feudal |
| 10:57 | LMG_HERA DE TEMU · age_up feudal |
| 11:04 | big_boss_boy28 · age_up feudal |
| 11:09 | Jordan · first_building Barracks |
| 11:30 | Jordan · age_up feudal |
| 12:11 | LMG_SON SABANDIJAS · age_up feudal |
| 12:30 | Jordan · first_building Stable |
| 12:31 | LMG_HERA DE TEMU · first_building Barracks |
| 12:32 | not_a_horseman · first_market_sell 100 stone |
| 12:36 | not_a_horseman · first_market_buy 100 food |
| 13:17 | LMG_SON SABANDIJAS · first_market_buy 100 food |
| 13:23 | not_a_horseman · first_building Barracks |
| 13:28 | LMG_Leonardo · first_building Barracks |
| 13:41 | LMG_HERA DE TEMU · first_building Stable |
| 13:54 | big_boss_boy28 · age_up castle |
| 14:39 | LMG_HERA DE TEMU · age_up castle |
| 14:42 | LMG_HERA DE TEMU · first_building Monastery |
| 15:07 | LMG_Leonardo · age_up castle |
| 15:09 | LMG_Leonardo · first_building Monastery |
| 16:04 | Jordan · age_up castle |
| 16:31 | LMG_SON SABANDIJAS · age_up castle |
| 16:34 | LMG_SON SABANDIJAS · first_building Siege Workshop |
| 16:46 | LMG_SON SABANDIJAS · first_building Monastery |
| 17:04 | not_a_horseman · age_up castle |
| 17:07 | not_a_horseman · first_building Siege Workshop |
| 17:26 | LMG_SON SABANDIJAS · first_market_sell 100 stone |
| 17:39 | LMG_SON SABANDIJAS · first_building Barracks |
| 18:17 | big_boss_boy28 · first_building Stable |
| 18:30 | LMG_Leonardo · first_market_buy 100 food |
| 18:43 | LMG_SON SABANDIJAS · first_building Archery Range |
| 20:30 | LMG_Leonardo · first_building Stable |
| 21:21 | LMG_SON SABANDIJAS · age_up imperial |
| 23:28 | not_a_horseman · first_building Monastery |
| 26:47 | big_boss_boy28 · first_market_sell 100 wood |
| 28:05 | LMG_HERA DE TEMU · first_market_buy 100 food |
| 30:24 | Jordan · resign |
[ AI ANALYSIS · 1 CREDIT ]
What really happened in this match?
Wolo.gg analyzes every decision: build order, eco, micro, common mistakes by bracket. Personalized analysis on WhatsApp or Discord in 30 seconds.
Civ guide
Burgundians
Perfil
Jugador #12168959